 Dungeon Crawl Stone Soup version 0.18-a0-1123-gbd92598 (webtiles) character file.

216352 vatarom the Grim Reaper (level 18, -2/166 HPs)
             Began as a Hill Orc Gladiator on Jan 19, 2016.
             Was the Champion of Yredelemnul.
             Slain by a shadow wraith (7 damage)
             ... on level 1 of the Vaults.
             The game lasted 02:33:13 (31451 turns).

vatarom the Grim Reaper (Hill Orc Gladiator)       Turns: 31451, Time: 02:33:14

Health: -2/166     AC: 31    Str: 28    XL:     18   Next: 54%
Magic:  9/30       EV:  9    Int: 11    God:    Yredelemnul [******]
Gold:   2830       SH: 16    Dex: 17    Spells: 1 memorised, 14 levels left

rFire  . . .     SeeInvis .     f - +11 spear of Wyrd {pain, rElec}
rCold  . . .     Gourm    .     d - +1 plate armour of Leaves {Int+2}
rNeg   . . .     Faith    .     S - +2 shield {AC+3}
rPois  +         Spirit   .     c - +1 helmet
rElec  +         Dismiss  .     m - +2 cloak
rCorr  .         Reflect  .     K - +1 pair of gloves {Dex+3}
SustAt .         Harm     +     o - +2 pair of boots
MR     +....                    G - amulet of harm
Stlth  ..........               y - +6 ring of strength
                                v - ring of poison resistance

@: very slightly contaminated, hasted and slowed, somewhat resistant to hostile
enchantments, extremely unstealthy
A: regeneration 2
a: Recall Undead Slaves, Injury Mirror, Animate Dead, Drain Life, Enslave Soul,
Renounce Religion
}: 2/15 runes: serpentine, barnacled


You were on level 1 of the Vaults.
You worshipped Yredelemnul.
Yredelemnul was exalted by your worship.
You were not hungry.

You visited 7 branches of the dungeon, and saw 34 of its levels.
You also visited: Labyrinth and Ice Cave.

You collected 3301 gold pieces.
You spent 471 gold pieces at shops.

Inventory:

Hand Weapons
 f - the +11 spear of Wyrd (weapon) {pain, rElec}
   (You found it on level 4 of the Dungeon)

   In the hands of one skilled in necromantic magic, it inflicts extra damage on
   living creatures.
   It insulates you from electricity.
Missiles
 D - 12 throwing nets
 L - 16 javelins of returning (quivered)
Armour
 c - a +1 helmet (worn)
 d - the +1 plate armour of Leaves (worn) {Int+2}
   (You took it off a minotaur in a labyrinth)

   It affects your intelligence (+2).
 m - a +2 cloak (worn)
 o - a +2 pair of boots (worn)
 K - a +1 pair of gloves of dexterity (worn)
 S - a +2 shield of protection (worn)
Rods
 N - a +4 rod of shadows (9/9)
   (You found it on level 8 of the Lair of Beasts)
Jewellery
 e - a +3 ring of evasion
 l - a +2 amulet of reflection
 p - an uncursed ring of sustain attributes
 v - a ring of poison resistance (left hand)
 y - a +6 ring of strength (right hand)
 E - an uncursed amulet of the gourmand
 G - an amulet of harm (around neck)
Wands
 k - a wand of disintegration (6/24)
 J - a wand of teleportation (3/9)
 Q - a wand of teleportation (5/9)
 R - a wand of disintegration (18/24)
 U - a wand of teleportation (5/9)
 V - a wand of digging (4/24)
Scrolls
 g - 7 scrolls of fear
 h - 11 scrolls of identify
 i - 20 scrolls of remove curse
 u - 3 scrolls of blinking
 w - 8 scrolls of amnesia
 A - 3 scrolls of enchant weapon
 I - 5 scrolls of magic mapping
 T - a scroll of fog
 W - 6 scrolls of teleportation
Potions
 b - a potion of magic
 r - 10 potions of flight
 s - 6 potions of might
 t - 6 potions of brilliance
 x - a potion of berserk rage
 B - a potion of invisibility
 F - 8 potions of curing
 H - 2 potions of resistance
Books
 P - a book of Necromancy

   Spells                             Type                      Level
   a - Pain                           Necromancy                   1
   b - Animate Skeleton               Necromancy                   1
   c - Vampiric Draining              Necromancy                   3
   d - Regeneration                   Charms/Necromancy            3
   e - Animate Dead                   Necromancy                   4
   f - Control Undead                 Necromancy                   4
Miscellaneous
 O - a phantom mirror
Comestibles
 n - 27 fruits
 z - 2 bread rations
 Y - 5 beef jerkies


   Skills:
 - Level 15.9 Fighting
   Level 6.5(12.6) Axes
 * Level 14.2(14.5) Polearms
 - Level 10.3 Throwing
 - Level 12.2 Armour
 - Level 2.4 Dodging
 - Level 12.1 Shields
 + Level 13.3 Necromancy
 - Level 17.0 Invocations


You had 14 spell levels left.
You knew the following spells:

 Your Spells              Type           Power        Failure   Level  Hunger
a - Regeneration          Chrm/Necr      ##........   77%         3    ####...


Dungeon Overview and Level Annotations

Branches:
Dungeon (14/15)            Temple (1/1) D:6            Lair (8/8) D:9
 Shoals (4/4) Lair:4        Snake (4/4) Lair:3        Slime (0/6) Lair:6
    Orc (2/2) D:11            Elf (0/3) Orc:2        Vaults (1/5) D:13

Altars:
Ashenzari
Cheibriados
Dithmenos
Elyvilon
Fedhas
Gozag
Kikubaaqudgha
Makhleb
Nemelex Xobeh
Okawaru
Pakellas
Qazlal
Ru
Sif Muna
Trog
Vehumet
Xom
Yredelemnul
Zin
The Shining One
Beogh

Shops:
D:14 %   Orc:2 }(:(   Shoals:1 [   Shoals:3 (


Innate Abilities, Weirdness & Mutations

You heal very quickly.


Message History

* * * LOW HITPOINT WARNING * * *
Something drains your vigour!
You feel as though you will be slow longer.
* * * LOW HITPOINT WARNING * * *
Your human zombie hits the skeletal warrior but does no damage.
Your human zombie closely misses the ironbrand convoker.
The skeletal warrior hits your human zombie with a scimitar!
Your human zombie barely misses the skeletal warrior.
Your human zombie hits the sphinx zombie but does no damage.
The ironbrand convoker casts a spell at the sphinx zombie.
The sphinx zombie seems to grow stronger.
The skeletal warrior hits your human zombie with a scimitar.
You open the door.
The vault sentinel blows a loud note on a signal horn!
Something hits you!
* * * LOW HITPOINT WARNING * * *
Something drains your vigour!
You feel as though you will be slow longer.
You die...
Your body rises from the dead as a mindless zombie.

####### ##########.....#
#........'.Z...#
########........#.....#
#..p...#.^......#....Z'
#.Zp.{@'........#.....# ####
#..z...#........#...?.#
.#..{)#oJZ...#........#.....#
.'...Z))()...##########.....#
##...)#......# #.....#
#..).#......# #.....# #...
#......# #.....# .'...
#......# .'.. ########


You could see a skeletal warrior, a very large slime creature, a vault sentinel,
an ironbrand convoker, an orc, a sphinx zombie, a yaktaur skeleton and a
friendly human zombie.

Vanquished Creatures
  Polyphemus (Shoals:2)
  A kraken (Shoals:4)
  The ghost of Chiseanne the Peltast, an adept CeAE of Gozag (Snake:1)
  A fire giant (Vaults:1)
  Maud (Lair:5)
  8 greater nagas (Snake:4)
  An ironheart preserver (Vaults:1)
  5 dire elephants (Lair:8)
  A vault guard (Vaults:1)
  4 merfolk javelineers (Shoals:4)
  2 merfolk impalers (Shoals:4)
  A minotaur (Lab)
  4 naga warriors
  4 hydras
  An alligator snapping turtle (Shoals:4)
  A centaur warrior (D:13)
  2 anacondas
  A death knight (Vaults:1)
  A satyr (Shoals:3)
  5 ogre magi
  2 death yaks (Lair:8)
  6 shock serpents
  4 naga sharpshooters
  Urug (Lair:4)
  2 salamander mystics (Snake:4)
  4 sea snakes
  2 ironbrand convokers (Vaults:1)
  A naga ritualist (Snake:1)
  An unseen horror (Vaults:1)
  Pikel (D:5)
  6 harpies
  3 hill giants
  3 ugly things (D:14)
  2 necromancers (Vaults:1)
  3 salamanders
  3 griffons
  12 fauns
  3 mana vipers
  2 orc sorcerers
  2 orc knights
  3 water nymphs
  2 centaur zombies
  11 elephants
  A slime creature (Vaults:1)
  The ghost of cireshan the Ducker, a novice TrFi (D:6)
  4 sirens (Shoals:4)
  5 guardian serpents
  17 black mambas
  8 naga magi
  10 spiny frogs
  A gargoyle (D:11)
  7 komodo dragons
  A yaktaur (Vaults:1)
  3 ice devils (IceCv)
  A fire drake (Lair:8)
  3 trolls
  17 merfolk
  2 polar bears (D:10)
  14 two-headed ogres
  Grinder (D:6)
  3 blink frogs (Lair:3)
  A snapping turtle (Shoals:1)
  Sigmund (D:6)
  2 shadows (D:13)
  2 spriggans
  3 wyverns
  The ghost of Situis the Ducker, an amateur FeBe of Trog (D:5)
  2 water elementals
  A human (shapeshifter) (Vaults:1)
  3 hogs (Snake:4)
  4 basilisks
  33 yaks
  Grum (D:11)
  A hog (shapeshifter) (D:14)
  8 hungry ghosts
  8 hippogriffs
  A human simulacrum (Vaults:1)
  A vampire mosquito (D:14)
  8 wolves
  9 wargs
  35 nagas
  Duvessa (D:4)
  6 porcupines
  11 water moccasins
  2 wasps (D:8)
  7 sky beasts
  6 orc warriors
  An eye of draining (D:11)
  4 ice beasts
  2 phantoms
  2 necrophages
  23 ogres
  2 boggarts (Vaults:1)
  16 centaurs
  11 crocodiles
  8 big kobolds
  A gnoll sergeant (D:10)
  21 giant frogs
  Dowan (D:4)
  5 scorpions
  A wyvern skeleton (D:10)
  10 killer bees
  16 wights
  2 troll skeletons (Lab)
  2 electric eels
  A lava snake (Lair:5)
  5 crimson imps
  A giant frog zombie (D:9)
  5 hounds
  A quasit (D:12)
  A wasp zombie (D:9)
  3 jellies
  3 centaur skeletons
  5 giant frog skeletons
  13 orc priests
  10 orc wizards
  A gnoll shaman (D:7)
  6 iguanas
  15 worker ants
  12 sheep
  A giant frog simulacrum (D:10)
  An ogre skeleton (Lab)
  2 hound zombies (D:8)
  2 hound skeletons
  Robin (D:4)
  16 gnolls
  16 adders
  45 river rats
  A shadow imp (D:14)
  7 white imps
  An ufetubus (D:10)
  An ooze (D:2)
  2 adder skeletons
  3 worms
  6 giant geckos
  46 orcs
  A ball python (D:3)
  4 giant cockroaches
  18 goblins
  9 hobgoblins
  7 jackals
  32 kobolds
  6 quokkas
  5 bats
  5 giant newts
  A jackal skeleton (D:4)
  A jackal zombie (D:6)
  A quokka zombie (D:7)
  5 rats
  A butterfly (Lair:6)
  3 plants (Lair:8)
  A tentacle (Shoals:4)
843 creatures vanquished.

Vanquished Creatures (collateral kills)
  The ghost of Ijustatesigmund the Bludgeoner, an adept DsAK of Lugonu (Snake:4)
  Kirke (Snake:4)
  Roxanne (Snake:4)
  Ilsuiw (Shoals:4)
  An azure jelly (Lair:6)
  A greater naga (Snake:3)
  Aizul (Snake:1)
  A vault warden (Vaults:1)
  An ironheart preserver (Vaults:1)
  4 merfolk javelineers
  A dire elephant (Lair:8)
  Snorg (Lair:6)
  A yaktaur captain (Vaults:1)
  Josephine (Snake:1)
  3 hydras
  8 merfolk impalers
  An ice dragon (Lair:7)
  3 merfolk avatars (Shoals:4)
  5 naga warriors
  A death knight (Vaults:1)
  A catoblepas (Shoals:2)
  5 anacondas
  2 merfolk aquamancers
  An ogre mage (Orc:2)
  4 satyrs
  4 death yaks (Shoals:2)
  3 shock serpents
  6 naga sharpshooters (Snake:4)
  4 harpies
  2 salamander mystics (Snake:3)
  A skeletal warrior (Vaults:1)
  A shadow wraith (Vaults:1)
  9 sea snakes
  4 naga ritualists
  An unseen horror (D:13)
  A deep elf archer (Vaults:1)
  2 ironbrand convokers (Vaults:1)
  2 orc knights
  3 hill giants
  5 mana vipers
  2 wizards (D:13)
  9 fauns
  4 griffons
  A cyclops (Orc:1)
  4 ugly things (D:14)
  2 salamanders
  7 manticores
  Maurice (D:11)
  2 water nymphs
  5 guardian serpents (Snake:4)
  6 elephants
  3 naga magi
  16 black mambas
  A torpor snail (Lair:8)
  6 sirens
  2 spiny frogs
  2 komodo dragons
  A fire drake (Lair:6)
  A wind drake (Shoals:3)
  23 merfolk
  A hornet zombie (D:14)
  A blink frog (Lair:3)
  3 wolves
  2 two-headed ogres
  4 slime creatures
  9 snapping turtles
  A spriggan (Lair:6)
  11 yaks
  A vampire (D:13)
  9 water elementals
  5 wraiths (Snake:1)
  2 basilisks
  A vampire mosquito (D:14)
  9 hippogriffs
  A hungry ghost (D:14)
  22 nagas
  2 wargs
  8 water moccasins
  5 crocodiles
  4 porcupines
  3 giant frogs
  10 orc warriors
  2 black bears (Lair:6)
  A wasp (D:11)
  An ice beast (D:7)
  A sky beast (D:11)
  8 ogres
  2 centaurs (D:13)
  2 boggarts (Vaults:1)
  A big kobold (D:14)
  2 wights
  A jelly (Lair:6)
  An electric eel (Orc:2)
  A quasit (D:13)
  2 orc priests
  6 orc wizards
  An iguana (Lair:6)
  A worker ant (D:13)
  2 sheep (Lair:5)
  7 river rats
  An adder (D:11)
  A shadow imp (D:11)
  7 white imps (Lair:7)
  16 orcs
  3 kobolds
  A butterfly (Lair:6)
  7 fungi
  29 plants
  A tentacle (Shoals:4)
419 creatures vanquished.

Vanquished Creatures (others)
  A profane servitor (Snake:4)
  A vampire knight (Snake:1)
  A spectral minotaur (Snake:4)
  A shock serpent (Snake:4)
  3 skeletal warriors
  4 anaconda zombies (Snake:4)
  6 flayed ghosts
  3 phantasmal warriors
  An ugly thing zombie (D:14)
  6 human zombies
  3 shock serpent zombies
  4 sea snake zombies
  A yaktaur (Vaults:1)
  3 yaktaur zombies (Vaults:1)
  5 guardian serpent zombies (Snake:4)
  2 death yak zombies (Shoals:2)
  3 harpy zombies
  2 griffon zombies
  14 flying skulls
  A spectral two-headed ogre (Orc:2)
  A hill giant zombie (D:10)
  7 black mamba zombies
  2 wraiths
  3 vampires
  2 ogre zombies (Vaults:1)
  3 faun zombies
  12 merfolk zombies (Shoals:4)
  A water nymph zombie (Shoals:4)
  4 spiny frog zombies
  2 blink frog zombies (Lair:3)
  2 slaves (D:5)
  2 manticore zombies
  A snapping turtle zombie (Shoals:4)
  4 elephant zombies
  A hog zombie (Snake:4)
  A centaur (D:13)
  A fire drake zombie (Lair:8)
  A salamander zombie (Snake:4)
  A wyvern zombie (D:10)
  5 water moccasin zombies
  A warg zombie (Orc:2)
  A spriggan zombie (Lair:8)
  5 hippogriff zombies
  8 yak zombies
  2 wights
  3 wolf zombies
  A giant frog skeleton (D:5)
  6 giant frog zombies
  A hound (D:5)
  A basilisk zombie (Lair:4)
  An orc wizard (D:5)
  2 porcupine zombies
  4 crocodile zombies
  33 naga zombies
  2 hound zombies
  A gnoll (D:10)
  An iguana zombie (Lair:5)
  16 orc zombies
  A sheep zombie (Lair:6)
  2 gnoll zombies
  A quokka (D:5)
  24 river rat zombies
  A goblin (D:4)
  A quokka zombie (D:11)
  16 fungi
  18 plants
  4 tentacles (Shoals:4)
  56 tentacle segments (Shoals:4)
334 creatures vanquished.

Grand Total: 1596 creatures vanquished

Notes
Turn   | Place    | Note
--------------------------------------------------------------
     0 | D:1      | vatarom the Hill Orc Gladiator began the quest for the Orb.
     0 | D:1      | Reached XP level 1. HP: 18/18 MP: 1/1
   274 | D:1      | Reached XP level 2. HP: 16/26 MP: 2/2
   822 | D:2      | Found a white marble altar of Elyvilon.
   870 | D:2      | Reached XP level 3. HP: 33/33 MP: 3/3
  1129 | D:2      | Reached skill level 5 in Fighting
  1129 | D:2      | Reached XP level 4. HP: 18/42 MP: 4/4
  1677 | D:2      | Found a shattered altar of Ashenzari.
  2446 | D:3      | Reached skill level 6 in Fighting
  2446 | D:3      | Reached XP level 5. HP: 19/50 MP: 5/5
  3027 | D:3      | Reached skill level 5 in Axes
  3045 | D:3      | Found a shadowy altar of Dithmenos.
  3063 | D:3      | Reached XP level 6. HP: 39/58 MP: 6/6
  3282 | D:4      | Got a translucent spear
  3283 | D:4      | Identified the +11 spear of Wyrd {pain, rElec} (You found it on level 4 of the Dungeon)
  3511 | D:4      | Reached skill level 1 in Polearms
  3545 | D:4      | Noticed Robin
  3555 | D:4      | Reached XP level 7. HP: 51/64 MP: 7/7
  3570 | D:4      | Killed Robin
  3783 | D:4      | Noticed Duvessa
  3792 | D:4      | Killed Duvessa
  3818 | D:4      | Noticed Dowan
  3826 | D:4      | Killed Dowan
  3826 | D:4      | Reached skill level 5 in Polearms
  4275 | D:5      | Entered Level 5 of the Dungeon
  4290 | D:5      | Gained mutation: You possess an exceptional clarity of mind. [potion of mutation]
  4290 | D:5      | Gained mutation: You are resistant to hostile enchantments. [potion of mutation]
  4290 | D:5      | Gained mutation: Your natural rate of healing is unusually fast. [potion of mutation]
  4304 | D:5      | Noticed Pikel
  4319 | D:5      | Killed Pikel
  4319 | D:5      | Reached skill level 8 in Polearms
  4319 | D:5      | Reached XP level 8. HP: 33/71 MP: 8/8
  4437 | D:5      | Noticed Situis's ghost (amateur FeBe)
  4459 | D:5      | Killed Situis's ghost
  4463 | D:5      | Gained mutation: You heal very quickly. [mutagenic meat]
  4464 | D:5      | Gained mutation: Your mind is acute. (Int +2) [mutagenic meat]
  4564 | D:5      | Found a bloodstained altar of Trog.
  4613 | D:5      | Reached XP level 9. HP: 78/78 MP: 9/9
  4638 | D:5      | Reached skill level 5 in Armour
  4950 | D:6      | Found a staircase to the Ecumenical Temple.
  5050 | D:6      | Found a glowing golden altar of the Shining One.
  5109 | D:6      | Noticed cireshan's ghost (novice TrFi)
  5121 | D:6      | Killed cireshan's ghost
  5192 | D:6      | Noticed Grinder
  5207 | D:6      | Killed Grinder
  5218 | D:6      | Noticed Sigmund
  5222 | D:6      | Killed Sigmund
  5222 | D:6      | Reached skill level 9 in Armour
  5288 | Temple   | Entered the Ecumenical Temple
  5717 | D:7      | Reached XP level 10. HP: 85/85 MP: 10/10
  5733 | D:7      | Noticed a hill giant
  5752 | D:7      | Killed a hill giant
  6047 | D:7      | Found an iron altar of Okawaru.
  6333 | D:7      | Reached skill level 10 in Fighting
  6678 | D:8      | Reached skill level 11 in Fighting
  6749 | D:8      | Found a sparkling altar of Nemelex Xobeh.
  7078 | D:8      | Found a blossoming altar of Fedhas.
  7078 | D:8      | Found a stormy altar of Qazlal.
  7193 | D:8      | Found an oddly glowing altar of Pakellas.
  7479 | D:9      | Reached skill level 12 in Fighting
  7521 | D:9      | Found a basalt altar of Yredelemnul.
  7521 | D:9      | Found a deep blue altar of Sif Muna.
  7521 | D:9      | Found a sacrificial altar of Ru.
  7521 | D:9      | Found a radiant altar of Vehumet.
  7525 | D:9      | Became a worshipper of Yredelemnul the Dark
  7577 | D:9      | Reached skill level 1 in Invocations
  7743 | D:9      | Found a staircase to the Lair.
  7743 | D:9      | Noticed an elephant
  7760 | D:9      | Killed an elephant
  7760 | D:9      | Reached XP level 11. HP: 87/103 MP: 11/13
  8040 | D:10     | Entered Level 10 of the Dungeon
  8179 | D:10     | Noticed a hill giant
  8209 | D:10     | Killed a hill giant
  8209 | D:10     | Reached skill level 5 in Invocations
  8600 | D:10     | Reached * piety under Yredelemnul
  8655 | D:10     | Reached skill level 5 in Throwing
  8812 | D:10     | Noticed a hill giant
  8825 | D:10     | Killed a hill giant
  9196 | D:11     | Noticed Grum
  9221 | D:11     | Killed Grum
  9275 | D:11     | Noticed a manticore
  9286 | D:11     | Killed a manticore
  9420 | D:11     | Reached ** piety under Yredelemnul
  9430 | D:11     | Found a staircase to the Orcish Mines.
  9568 | D:11     | Noticed a hill giant
  9575 | D:11     | Your ally Grum died
  9579 | D:11     | Killed a hill giant
  9579 | D:11     | Reached XP level 12. HP: 112/112 MP: 17/19
  9888 | D:11     | Noticed Maurice
 10033 | D:11     | Reached skill level 10 in Invocations
 10163 | Lair:1   | Entered Level 1 of the Lair of Beasts
 10318 | Lair:1   | Noticed a five-headed hydra
 10330 | Lair:1   | Killed a five-headed hydra
 11919 | Lair:2   | Got a warped leather armour
 11920 | Lair:2   | Identified the +2 leather armour of Valiance {+Fly Dex+6} (You found it on level 2 of the Lair of Beasts)
 12266 | Lair:3   | Reached *** piety under Yredelemnul
 12385 | Lair:3   | Reached XP level 13. HP: 118/118 MP: 22/22
 12523 | Lair:3   | Found a staircase to the Snake Pit.
 12560 | Lair:3   | Reached skill level 13 in Invocations
 12921 | Lair:3   | Reached skill level 10 in Throwing
 13505 | Lair:4   | Received a gift from Yredelemnul
 13648 | Lair:4   | You fall through a shaft for 2 floors!
 13667 | Lair:4   | Noticed Urug
 13711 | Lair:4   | Killed Urug
 13821 | Lair:4   | Found a staircase to the Shoals.
 13843 | Lair:4   | Reached **** piety under Yredelemnul
 14271 | Lair:5   | Reached skill level 10 in Armour
 14285 | Lair:5   | Noticed Maud
 14311 | Lair:5   | Killed Maud
 15011 | Lair:6   | Received a gift from Yredelemnul
 15111 | Lair:6   | Found a basalt altar of Yredelemnul.
 15671 | Lair:6   | Found a staircase to the Slime Pits.
 15683 | Lair:6   | Noticed Snorg
 15695 | Lair:6   | Killed Snorg
 15737 | Lair:6   | Noticed an azure jelly
 15743 | Lair:6   | Killed an azure jelly
 15990 | Lair:6   | Reached XP level 14. HP: 126/126 MP: 24/24
 16407 | Lair:7   | Reached skill level 10 in Polearms
 16560 | Lair:7   | Reached ***** piety under Yredelemnul
 16674 | Lair:7   | Received a gift from Yredelemnul
 17001 | Lair:7   | Found a frozen archway.
 17033 | IceCv    | Entered an ice cave
 17063 | IceCv    | Reached skill level 14 in Invocations
 17588 | Lair:8   | Entered Level 8 of the Lair of Beasts
 17736 | Lair:8   | Received a gift from Yredelemnul
 18002 | Lair:8   | Got a brightly glowing robe
 18003 | Lair:8   | Identified the +2 robe of Zuwe {rC+++ Regen+ rCorr Int-4} (You found it on level 8 of the Lair of Beasts)
 18277 | Lair:8   | Received a gift from Yredelemnul
 18367 | Lair:8   | Reached skill level 15 in Invocations
 18818 | Lair:8   | Noticed a dire elephant
 18818 | Lair:8   | Noticed a dire elephant
 18822 | Lair:8   | Noticed a dire elephant
 18930 | Lair:8   | Noticed a dire elephant
 18956 | Lair:8   | Killed a dire elephant
 19002 | Lair:8   | Noticed a dire elephant
 19028 | Lair:8   | Killed a dire elephant
 19209 | Lair:8   | Noticed a dire elephant
 19223 | Lair:8   | Killed a dire elephant
 19223 | Lair:8   | Reached skill level 16 in Invocations
 19226 | Lair:8   | Received a gift from Yredelemnul
 19245 | Lair:8   | Killed a dire elephant
 19295 | Lair:8   | Killed a dire elephant
 19329 | Lair:8   | Killed a dire elephant
 19692 | D:12     | Gained mutation: You are weak. (Str -2) [mutagenic meat]
 19755 | D:12     | Found a labyrinth entrance.
 19763 | D:12     | Received a gift from Yredelemnul
 19775 | Lab      | Entered a labyrinth
 19944 | Lab      | Paralysed by fainting for 12 turns
 20042 | Lab      | Identified a +4 rod of shadows (9/9) (You found it on level 8 of the Lair of Beasts)
 20494 | Lab      | Got a black opal-studded plate armour
 20495 | Lab      | Identified the +1 plate armour of Leaves {Int+2} (You took it off a minotaur in a labyrinth)
 20518 | Lab      | Got a steaming scimitar {slice}
 20519 | Lab      | Identified the +6 scimitar of the Chain {slice, Fragile rN+ Str+4 Int+3} (You took it off a minotaur in a labyrinth)
 20640 | D:12     | Reached skill level 17 in Invocations
 21019 | D:13     | Received a gift from Yredelemnul
 21249 | D:13     | Found a gate to the Vaults.
 21587 | D:13     | Reached XP level 15. HP: 124/136 MP: 27/27
 22169 | D:14     | Found Heecul's Food Emporium.
 22172 | D:14     | Bought a meat ration for 55 gold pieces
 22172 | D:14     | Bought a meat ration for 55 gold pieces
 22172 | D:14     | Bought a meat ration for 55 gold pieces
 22252 | D:11     | Killed Maurice
 22273 | Orc:1    | Entered Level 1 of the Orcish Mines
 22592 | Orc:1    | Received a gift from Yredelemnul
 22842 | Orc:2    | Entered Level 2 of the Orcish Mines
 22978 | Orc:2    | Received a gift from Yredelemnul
 22986 | Orc:2    | Found a staircase to the Elven Halls.
 22999 | Orc:2    | Found a roughly hewn altar of Beogh.
 23046 | Orc:2    | Found Wuplom's Book Shop.
 23046 | Orc:2    | Found Apagacs's Weapon Shoppe.
 23053 | Orc:2    | Received a gift from Yredelemnul
 23055 | Orc:2    | Found Emulohio's Gadget Emporium.
 23055 | Orc:2    | Found Liheg's Antique Weapon Shop.
 23060 | Orc:2    | Reached skill level 15 in Fighting
 23070 | Orc:2    | Received a gift from Yredelemnul
 24184 | Shoals:1 | Entered Level 1 of the Shoals
 24438 | Shoals:1 | Found Tubu's Antique Armour Emporium.
 24441 | Shoals:1 | Bought a pair of glowing gloves for 153 gold pieces
 24441 | Shoals:1 | Bought a shiny shield for 153 gold pieces
 24478 | Shoals:1 | Reached skill level 1 in Shields
 24882 | Shoals:2 | Noticed Polyphemus
 24895 | Shoals:2 | Reached skill level 5 in Shields
 24914 | Shoals:2 | Killed Polyphemus
 25108 | Shoals:2 | Received a gift from Yredelemnul
 25592 | Shoals:2 | Reached XP level 16. HP: 131/151 MP: 28/28
 25896 | Shoals:3 | Found Luzxaor's Antique Weapon Emporium.
 26066 | Shoals:3 | Reached skill level 10 in Shields
 26423 | Shoals:4 | Entered Level 4 of the Shoals
 26686 | Shoals:4 | Noticed Ilsuiw
 26747 | Shoals:4 | Killed Ilsuiw
 26753 | Shoals:4 | Received a gift from Yredelemnul
 26912 | Shoals:4 | Learned a level 3 spell: Regeneration
 26953 | Shoals:4 | Reached skill level 1 in Necromancy
 27131 | Shoals:4 | Received a gift from Yredelemnul
 27319 | Shoals:4 | Received a gift from Yredelemnul
 27319 | Shoals:4 | Received a gift from Yredelemnul
 27321 | Shoals:4 | Reached skill level 5 in Necromancy
 27405 | Shoals:4 | Got a barnacled rune of Zot
 27446 | Shoals:4 | Noticed a kraken
 27461 | Shoals:4 | Killed a kraken
 27615 | Snake:1  | Entered Level 1 of the Snake Pit
 27615 | Snake:1  | Noticed Chiseanne's ghost (adept CeAE)
 27637 | Snake:1  | Killed Chiseanne's ghost
 27645 | Snake:1  | Noticed Aizul
 27658 | Snake:1  | Killed Aizul
 27925 | Snake:1  | Got an iridescent mace
 27926 | Snake:1  | Identified the +10 mace of Purpose {freeze, rN+ MR+ Str+3 Int+4} (You found it on level 1 of the Snake Pit)
 27953 | Snake:1  | Reached XP level 17. HP: 147/158 MP: 29/29
 28038 | Snake:1  | Noticed Josephine
 28051 | Snake:1  | Killed Josephine
 28052 | Snake:1  | Received a gift from Yredelemnul
 28279 | Snake:1  | Noticed Asterion
 28298 | Snake:1  | Killed Asterion
 28298 | Snake:1  | Enslaved Asterion
 29083 | Snake:3  | Reached skill level 10 in Necromancy
 29216 | Snake:3  | Received a gift from Yredelemnul
 29637 | Snake:4  | Entered Level 4 of the Snake Pit
 29637 | Snake:4  | Noticed Ijustatesigmund's ghost (adept DsAK)
 29671 | Snake:4  | Killed Ijustatesigmund's ghost
 29845 | Snake:4  | Noticed Roxanne
 29864 | Snake:4  | Killed Roxanne
 29866 | Snake:4  | Identified Roxanne's Papyrus of Shifting Earth (You took it off Roxanne on level 4 of the Snake Pit)
 30004 | Snake:4  | Noticed Kirke
 30008 | Snake:4  | Noticed a sphinx
 30014 | Snake:4  | Received a gift from Yredelemnul
 30017 | Snake:4  | Killed Kirke
 30020 | Snake:4  | Received a gift from Yredelemnul
 30031 | Snake:4  | Your ally Asterion died
 30048 | Snake:4  | Your ally Kirke died
 30114 | Snake:4  | Received a gift from Yredelemnul
 30156 | Snake:4  | Reached XP level 18. HP: 97/166 MP: 5/30
 30175 | Snake:4  | Reached ****** piety under Yredelemnul
 30737 | Snake:4  | Received a gift from Yredelemnul
 30752 | Snake:4  | Got a serpentine rune of Zot
 31136 | Vaults:1 | Entered Level 1 of the Vaults
 31300 | Vaults:1 | Received a gift from Yredelemnul
 31410 | Vaults:1 | Lost mutation: You are weak. (Str -2) [potion of cure mutation]
 31410 | Vaults:1 | Lost mutation: You are resistant to hostile enchantments. [potion of cure mutation]
 31410 | Vaults:1 | Lost mutation: You possess an exceptional clarity of mind. [potion of cure mutation]
 31410 | Vaults:1 | Lost mutation: Your mind is acute. (Int +2) [potion of cure mutation]
 31451 | Vaults:1 | HP: 5/166 [something (16)]
 31451 | Vaults:1 | Slain by a shadow wraith

Vault maps used:
D:1:      minmay_arrival_shattered_statue
D:2:      lemuel_upstairs_altar, nicolae_overflow_hidden_temple,
          marbit_many_paths
D:3:      grunt_dithmenos_smoke
D:4:      mrwooster_statue_mirror, uniq_duvessa, uniq_robin
D:5:      lemuel_coloured_pillars_altar, first_bread, uniq_pikel
D:6:      kennysheep_mini_moat, temple_doors_e, uniq_grinder, uniq_sigmund
D:7:      okawaru_altar_gauntlet_db
D:8:      grunt_temple_overflow_forces_of_nature, nemelex_deck,
          lemuel_doored_altar, special_room, hangedman_pestilent_swarm
D:9:      grunt_temple_overflow_open, overflow_temple_1_default,
          david_lair_generic, wad_rectangle_vault
D:10:     serial_ice, serial_ice_j, serial_ice_e, serial_ice_h, serial_ice_m
D:11:     david_orc_1_choice, minmay_misc_feat_four_crosses,
          serial_bayou_lagoon_a, minivault_23, minivault_14,
          minmay_misc_feat_encased, uniq_grum, uniq_maurice
D:12:     lab_entry_generic, corexii_hall_statues_i
D:13:     david_vaults_1
D:14:     serial_shops, kennysheep_mini, serial_glass, glass_columns_a,
          glass_columns_c
Temple:   circular_temple_6
Lair:1:   beast_lair_carwin_5, serial_bayou_shore_b
Lair:2:   grunt_megastairs_3
Lair:3:   guppyfry_snake_entry_island, kennysheep_basilisk_garden,
          grunt_megastairs_2, lemuel_fruit_fields
Lair:4:   elwin_shoals_entry_stream, grunt_megastairs_1, uniq_urug
Lair:5:   lemuel_fruit_tree, uniq_maud
Lair:6:   wad_woods_stonehenge, minmay_slime_entry_pillars, enter_volcano_3,
          serial_forest, infiniplex_forest_lined_3,
          infiniplex_forest_lined_room_2, infiniplex_forest_end_1,
          infiniplex_forest_clump_small, infiniplex_forest_lined_4_way,
          infiniplex_forest_corner_2, infiniplex_forest_3_way,
          lemuel_fruit_fields, uniq_snorg
Lair:7:   dragon1_lemuel, portal_ice_cave_entry_imps, grunt_megastairs_4
Lair:8:   due_jungle_book, lookout_lair_type, wad_woods_03
Shoals:1: serial_shops, nicolae_shop_behind_doors
Shoals:2: cheibrodos_shoals_oceanic_diplomacy, uniq_polyphemus
Shoals:3: serial_shops, nicolae_shop_trees
Shoals:4: shoals_end_hangedman, shoals_ilsuiw_ice
Snake:1:  grunt_ministairs_15, uniq_asterion, uniq_aizul, uniq_josephine
Snake:3:  st_stairs_14, serial_bayou_shore_a
Snake:4:  johnstein_snake_rune_scales, uniq_roxanne, uniq_kirke
Orc:2:    st_orc_ogre_mass, basic_altar, nooodl_orcs_dogs
Vaults:1: hangedman_vaults_maws, v_pattern_5, grunt_vaults_twisty,
          nicolae_vaults_an_arrangement, v_misc_23, v_misc_12,
          nicolae_vaults_what_the_h, v_rooms_6, vaults_room_door_ring,
          grunt_vaults_focal, nicolae_vaults_little_squares_2,
          ontoclasm_vaults_pinch
Lab:      labyrinth_spiral, nicolae_lab_lava, nicolae_lab_dead_end,
          nicolae_lab_arrow, lab_fountain
IceCv:    ice_cave_tombish

Action                   |  1- 3 |  4- 6 |  7- 9 | 10-12 | 13-15 | 16-18 || total
-------------------------+-------+-------+-------+-------+-------+-------++-------
Melee: War axe           |    81 |   157 |       |       |       |       ||   238
       Spear             |       |    36 |   190 |   900 |  1479 |   908 ||  3513
Throw: Throwing net      |       |       |       |     1 |     1 |       ||     2
       Javelin           |       |       |       |       |     1 |       ||     1
Invok: Animate Remains   |       |       |       |    56 |       |       ||    56
       Recall Undead Sla |       |       |       |     8 |    34 |    22 ||    64
       Animate Dead      |       |       |       |     2 |   134 |   112 ||   248
       Injury Mirror     |       |       |       |     1 |       |       ||     1
       Drain Life        |       |       |       |       |    13 |    30 ||    43
       Enslave Soul      |       |       |       |       |     1 |     1 ||     2
Evoke: Wand              |       |       |       |       |     3 |       ||     3
       Rod               |       |       |       |       |     1 |       ||     1
  Use: Potion            |     5 |     4 |     4 |     8 |     5 |     7 ||    33
       Scroll            |     3 |     4 |     7 |     9 |    27 |     7 ||    57
 Stab: Distracted        |       |       |       |     5 |    15 |    19 ||    39
  Eat: Chunk             |     1 |       |     2 |     3 |     1 |       ||     7
       Bread ration      |       |     2 |       |       |     7 |     5 ||    14
       Meat ration       |       |       |     1 |     4 |     8 |     2 ||    15
       Fruit             |       |       |     2 |     2 |     5 |       ||     9
       Beef jerky        |       |       |       |     2 |     3 |       ||     5
       Royal jelly       |       |       |       |     7 |     3 |       ||    10
       Pizza             |       |       |       |       |     1 |       ||     1
